 Dungeon Crawl Stone Soup version 0.30-b1-2-g02819fbbbe (webtiles) character file.

Game seed: 18349122030169990602

10800 MisterFreud the Fighter (level 11, -4/72 HPs)
             Began as a Gargoyle Fighter on May 15, 2023.
             Was an Elder of Okawaru.
             Killed from afar by a skeletal warrior (13 damage)
             ... on level 10 of the Dungeon.
             The game lasted 00:13:35 (9535 turns).

MisterFreud the Fighter (Gargoyle Fighter)          Turns: 9535, Time: 00:13:36

Health: -4/72      AC: 21    Str: 24    XL:     11   Next: 67%
Magic:  17/17      EV:  8    Int:  9    God:    Okawaru [****..]
Gold:   377        SH:  5    Dex:  9    Spells: 10/10 levels left

rFire   . . .        p - +3 war axe (elec)
rCold   . . .        c - +1 buckler
rNeg    + . .        x - +0 chain mail
rPois   ∞            (no helmet)
rElec   +            K - +0 cloak
rCorr   +            (no gloves)
SInv    .            m - +0 pair of boots
Will    .....        (no amulet) Stlth
                     z - +4 ring of slaying
HPRegen 0.32/turn    P - ring of resist corrosion
MPRegen 0.15/turn

%: no passive effects
@: no status effects
A: sickness immunity, AC +8, negative energy resistance 1, electricity
resistance, torment resistance 1, petrification resistance
a: Renounce Religion, Heroism, Finesse


You were on level 10 of the Dungeon.
You worshipped Okawaru.
Okawaru was greatly pleased with you.
You visited 2 branches of the dungeon, and saw 11 of its levels.
You also visited: Sewer and Ossuary.

You collected 513 gold pieces.
You spent 136 gold pieces at shops.

Inventory:

Hand Weapons
 a - a +0 vampiric flail
 b - a +0 eveningstar
 p - a +3 war axe of electrocution (weapon)
 H - the +5 war axe of Moderation {protect, *Slow rPois rC+ Dex+5}
   (You found it on level 6 of the Dungeon)

   Dex:       It affects your dexterity (+5).
   rC:        It protects you from cold.
   rPois:     It protects you from poison.
   *Slow:     It may slow you when you take damage.
Missiles
 e - 7 atropa-tipped darts
 f - 41 poisoned darts (quivered)
 q - 9 boomerangs
 r - 8 javelins
 R - a curare-tipped dart
Armour
 c - a +1 buckler (worn)
 m - a +0 pair of boots (worn)
 x - a +0 chain mail (worn)
 K - a +0 cloak (worn)
Jewellery
 y - a ring of magical power
 z - a +4 ring of slaying (left hand)
 P - a ring of resist corrosion (right hand)
Wands
 h - a wand of iceblast (28)
 n - a wand of light (14)
 A - a wand of flame (10)
 L - a wand of mindburst (19)
 N - a wand of digging (4)
Scrolls
 i - 5 scrolls of teleportation
 j - 5 scrolls of identify
 o - 2 scrolls of enchant weapon
 u - 6 scrolls of enchant armour
 B - 2 scrolls of fog
 D - 3 scrolls of fear
 G - a scroll of torment
 I - 3 scrolls of blinking
 J - 2 scrolls of amnesia
 M - a scroll of poison
Potions
 d - 4 potions of lignification
 g - 7 potions of curing
 k - 8 potions of flight
 l - a potion of magic
 s - 4 potions of haste
 t - a potion of cancellation {unknown}
 v - 3 potions of brilliance
 w - 3 potions of invisibility
 C - 4 potions of might
 E - 2 potions of ambrosia
 F - a potion of mutation
 O - a potion of attraction {unknown}


   Skills:
 - Level 10.0 Fighting
 - Level 9.4(10.0) Axes
 - Level 5.2(8.4) Maces & Flails
 + Level 8.2 Armour
 - Level 4.0 Shields
 - Level 8.0 Invocations
 + Level 4.3 Evocations


You had 10 spell levels left.
You didn't know any spells.
Your spell library contained the following spells:

 Spells                   Type           Power      Damage    Failure   Level
 Magic Dart               Conj           0%         1d3       92%         1
 Sandblast                Erth           0%         2d4       92%         1
 Blink                    Tloc           0%         N/A       98%         2
 Ensorcelled Hibernation  Hex/Ice        0%         N/A       98%         2
 Lesser Beckoning         Tloc           0%         N/A       98%         2
 Passwall                 Tmut/Erth      0%         N/A       98%         2
 Searing Ray              Conj           0%         2d4       98%         2
 Static Discharge         Conj/Air       0%         2-2/arc   98%         2
 Dazzling Flash           Conj/Hex       0%         N/A       100%        3
 Gell's Gravitas          Tloc           0%         N/A       100%        3
 Spider Form              Tmut/Pois      0%         N/A       100%        3
 Stone Arrow              Conj/Erth      0%         3d7       100%        3
 Teleport Other           Tloc           0%         N/A       100%        3
 Vhi's Electric Charge    Tloc/Air       0%         N/A       100%        3
 Volatile Blastmotes      Fire/Tloc      0%         2d10      100%        3
 Airstrike                Air            0%         2d(0-16)  100%        4
 Anguish                  Hex/Necr       0%         N/A       100%        4
 Fulminant Prism          Conj/Hex       0%         3d5       100%        4
 Iskenderun's Mystic Bla  Conj/Tloc      0%         2d3       100%        4
 Manifold Assault         Tloc           0%         N/A       100%        4
 Petrify                  Tmut/Erth      0%         N/A       100%        4
 Arcjolt                  Conj/Air       0%         1d10      100%        5
 Metabolic Englaciation   Hex/Ice        0%         N/A       100%        5
 Starburst                Conj/Fire      0%         6d3       100%        6
 Storm Form               Tmut/Air       0%         N/A       100%        7
 Maxwell's Capacitive Co  Air            0%         ∞         100%        8
 Summon Lightning Spire   Summ/Air       Unusable   N/A       N/A         4
 Summon Forest            Summ/Tloc      Unusable   N/A       N/A         5
 Summon Mana Viper        Hex/Summ       Unusable   N/A       N/A         5
 Statue Form              Tmut/Erth      Unusable   N/A       N/A         6
 Summon Cactus Giant      Summ           Unusable   N/A       N/A         6
 Malign Gateway           Summ/Tloc      Unusable   N/A       N/A         7
 Summon Horrible Things   Summ           Unusable   N/A       N/A         8

Dungeon Overview and Level Annotations

Branches:
Dungeon (10/15)            Temple (1/1) D:6            Lair (0/5) D:10
  Sewer (visited)         Ossuary (visited)
    Orc: D:9-12

Altars:
Ashenzari
Cheibriados
Dithmenos
Elyvilon
Fedhas
Gozag
Hepliaklqana
Kikubaaqudgha
Makhleb
Nemelex Xobeh
Okawaru
Qazlal
Ru
Sif Muna
Trog
Uskayaw
Vehumet
Wu Jian
Xom
Yredelemnul
Zin
The Shining One

Shops:
D:2 :   D:5 !   D:6 ?   D:8 (

Annotations:
Temple 2 transporters


Innate Abilities, Weirdness & Mutations

You are immune to sickness and miasma.
Your stone body is resilient. (AC +8)
You are immune to poison.
You resist negative energy. (rN+)
You are resistant to electric shocks. (rElec)
You are resistant to unholy torment.
You are immune to petrification.


Message History

You miss the killer bee.
The killer bee stings you but does no damage.
The killer bee closely misses you.
You miss the killer bee. The killer bee barely misses you.
The killer bee stings you but does no damage.
You slash the killer bee!
Lightning courses through the killer bee!!
You kill the killer bee!
Okawaru accepts your kill. The killer bee closely misses you.
You miss the killer bee.
The killer bee stings you but does no damage.
The killer bee stings you.
You miss the killer bee. The killer bee stings you. The killer bee stings you!
You slice the killer bee!!
You kill the killer bee!
Okawaru accepts your kill.
The killer bee stings you but does no damage.
You slice the killer bee!!
You kill the killer bee!
Okawaru accepts your kill.
No target in view!
Things that are here:
a killer bee corpse; a killer bee corpse No target in view!
A skeletal warrior comes into view.
It is wielding the +6 arbalest "Damnation" {damnation}.
The skeletal warrior shoots a damnation bolt.
The damnation bolt hits you.
The damnation bolt explodes!
The damnation engulfs you!!
* * * LOW HITPOINT WARNING * * *
You hear a shout!
You hear an angry buzzing noise.
The skeletal warrior shoots a damnation bolt.
You block the damnation bolt.
Things that are here:
a killer bee corpse; a killer bee corpse The skeletal warrior shoots a damnation bolt.
The damnation bolt hits you!
* * * LOW HITPOINT WARNING * * *
The damnation bolt explodes!
The damnation engulfs you!
You die...

..# #.#.##
#.# #....#
..##.##.#
#.#.##.#
#..B##.#
#..#)##.#
#.##)##.#
#.#
#z##.#####
#..
#...†.†@.#
##
#.##.###.#
...##)# #.#
###.##[#
#.#
#.##)###.#
#.##...#.##
..#.......#
###...>...#
#.......#


You could see a skeletal warrior.

Vanquished Creatures
  A tengu warrior (D:10)
  Erica (D:8)
  A boulder beetle (D:10)
  Pikel (D:7)
  The ghost of raph the Geomancer, a novice DEEE of Sif Muna (D:6)
  Maurice (D:8)
  Joseph (D:7)
  2 kobold demonologists (D:10)
  A komodo dragon (D:10)
  A meliai (D:10)
  Grinder (D:6)
  Prince Ribbit (D:6)
  Sigmund (D:5)
  4 slime creatures (D:9)
  A shadow (D:10)
  2 wyverns (D:9)
  A wraith (D:9)
  A steam dragon (D:9)
  5 yaks
  Menkaure (D:6)
  Edmund (D:5)
  An acid dragon (D:7)
  2 water moccasins
  3 sky beasts
  3 orc warriors
  3 ice beasts (D:7)
  A black bear (D:8)
  3 ogres
  2 lemures (D:7)
  3 kobold brigands
  A bullfrog (D:7)
  2 gnoll sergeants
  11 killer bees (D:10)
  2 electric eels (D:7)
  5 howler monkeys
  3 hounds
  2 orc priests
  5 jellies
  2 sleepcaps
  Terence (D:2)
  5 orc wizards
  5 iguanas
  Ijyb (D:3)
  12 mummies (Ossuary)
  11 gnolls
  4 adders
  2 shadow imps
  An ufetubus (D:6)
  A worm (D:2)
  2 dart slugs (D:1)
  24 orcs
  5 bats
  9 endoplasms
  8 giant cockroaches
  9 goblins
  5 hobgoblins
  9 jackals
  6 quokkas
  8 ball pythons
  3 frilled lizards
  A gnoll skeleton (Ossuary)
  2 goblin skeletons (Ossuary)
  12 kobolds
  2 kobold skeletons (Ossuary)
  3 orc skeletons (Ossuary)
  6 rats
  11 rat skeletons (Ossuary)
252 creatures vanquished.

Vanquished Creatures (others)
  A kobold (D:10)
  A rat (D:3)
  9 plants (D:1)
11 creatures vanquished.

Grand Total: 263 creatures vanquished

Notes
Turn   | Place    | Note
-------+----------+-------------------------------------------
     0 | D:1      | MisterFreud the Gargoyle Fighter began the quest for the
                  | Orb.
     0 | D:1      | Reached XP level 1. HP: 14/14 MP: 1/1
   134 | D:1      | Reached XP level 2. HP: 19/19 MP: 2/2
   230 | D:1      | Found a faded altar of an unknown god.
   338 | D:1      | Reached XP level 3. HP: 21/23 MP: 3/3
   913 | D:2      | Reached XP level 4. HP: 24/28 MP: 4/4
   937 | D:2      | Found Fissicke's Book Shop.
  1153 | D:2      | Noticed Terence
  1164 | D:2      | Killed Terence
  1539 | D:3      | Noticed Ijyb
  1623 | D:3      | Killed Ijyb
  1624 | D:3      | Reached skill level 5 in Maces & Flails
  1624 | D:3      | Reached XP level 5. HP: 27/32 MP: 5/5
  2340 | D:4      | Reached skill level 1 in Axes
  2457 | D:4      | Reached XP level 6. HP: 23/37 MP: 6/6
  3115 | D:5      | Entered Level 5 of the Dungeon
  3134 | D:5      | Found a glowing drain.
  3158 | Sewer    | Entered a sewer
  3219 | Sewer    | Noticed a water moccasin
  3225 | Sewer    | Killed a water moccasin
  3457 | D:5      | Reached XP level 7. HP: 16/41 MP: 7/7
  3571 | D:5      | Noticed Sigmund
  3579 | D:5      | Killed Sigmund
  3590 | D:5      | Reached skill level 4 in Fighting
  3665 | D:5      | Identified the +1 dagger of the Hills {distort, rElec rN+
                  | Int+3}
  3776 | D:5      | Noticed Edmund
  3786 | D:5      | Killed Edmund
  3787 | D:5      | Reached skill level 5 in Axes
  3967 | D:5      | Found Ecirr's Distillery.
  3973 | D:5      | Bought a potion of lignification for 36 gold pieces
  3973 | D:5      | Bought a potion of might for 48 gold pieces
  4033 | D:5      | Reached XP level 8. HP: 48/48 MP: 8/8
  4165 | D:5      | Found a shimmering blue altar of Sif Muna.
  4165 | D:5      | Found a hide-covered altar of Uskayaw.
  4299 | D:5      | Found a sparkling altar of Nemelex Xobeh.
  4453 | D:6      | Found a sacrificial altar of Ru.
  4516 | D:6      | Noticed Menkaure
  4520 | D:6      | Killed Menkaure
  4521 | D:6      | Reached skill level 5 in Fighting
  4521 | D:6      | Reached skill level 5 in Armour
  4541 | D:6      | Found a staircase to the Ecumenical Temple.
  4557 | D:6      | Noticed Prince Ribbit
  4566 | D:6      | Killed Prince Ribbit
  4584 | D:6      | Found Ampom's Magic Scroll Shop.
  4664 | D:6      | Found a sand-covered staircase.
  4671 | D:6      | Noticed Grinder
  4675 | Ossuary  | Entered an ossuary
  5040 | D:6      | Reached XP level 9. HP: 23/55 MP: 9/9
  5043 | D:6      | Paralysed by Grinder for 4 turns
  5050 | D:6      | Killed Grinder
  5051 | D:6      | Reached skill level 6 in Fighting
  5281 | D:6      | Identified the +5 war axe of Moderation {protect, *Slow
                  | rPois rC+ Dex+5}
  5302 | Temple   | Entered the Ecumenical Temple
  5302 | Temple   | Found a transporter.
  5302 | Temple   | Found a transporter.
  5304 | Temple   | Found a transporter.
  5304 | Temple   | Found a transporter.
  5325 | Temple   | Became a worshipper of Warmaster Okawaru
  5448 | D:6      | Found a runed translucent gate.
  5448 | D:6      | Found a runed translucent gate.
  5448 | D:6      | Found a runed translucent gate.
  5524 | D:6      | Noticed raph's ghost (novice DEEE)
  5607 | D:6      | Bought a scroll of fear for 52 gold pieces
  5696 | D:6      | Killed raph's ghost
  5845 | D:7      | Reached * piety under Okawaru
  6036 | D:7      | Noticed Joseph
  6049 | D:7      | Killed Joseph
  6049 | D:7      | Reached ** piety under Okawaru
  6050 | D:7      | Reached XP level 10. HP: 33/60 MP: 11/13
  6163 | D:7      | Reached skill level 5 in Invocations
  6441 | D:7      | Noticed Pikel
  6451 | D:7      | Killed Pikel
  7107 | D:8      | Reached *** piety under Okawaru
  7202 | D:8      | Found Ilipig's Weapon Emporium.
  7337 | D:8      | Noticed Maurice
  7354 | D:8      | Killed Maurice
  7415 | D:8      | Found an ornate altar of the Wu Jian Council.
  7713 | D:8      | Noticed Erica
  7724 | D:8      | Killed Erica
  7725 | D:8      | Reached skill level 7 in Fighting
  7973 | D:9      | Reached skill level 8 in Fighting
  8251 | D:9      | Reached **** piety under Okawaru
  8252 | D:9      | Reached skill level 9 in Fighting
  8252 | D:9      | Reached XP level 11. HP: 61/71 MP: 17/17
  8912 | D:9      | Reached skill level 10 in Fighting
  8915 | D:9      | Reached skill level 1 in Evocations
  9042 | D:10     | Entered Level 10 of the Dungeon
  9066 | D:10     | Found a staircase to the Lair.
  9185 | D:10     | Identified the +3 ring mail of the Trombone {rC- Will++
                  | MP+9 Str+2}
  9185 | D:10     | Noticed a tengu warrior
  9189 | D:10     | Noticed a boulder beetle
  9190 | D:10     | Reached ***** piety under Okawaru
  9206 | D:10     | Killed a tengu warrior
  9352 | D:10     | Killed a boulder beetle
  9532 | D:10     | Noticed a skeletal warrior
  9535 | D:10     | Killed from afar by a skeletal warrior

Illustrated notes

Levels and vault maps discovered:
D:1:      nagdon_arrival_double_spiral, layout_basic, serial_curves,
          eino_curves_01, eino_curves_02, dilly_ecumenical_altar_fadedgnrine
D:2:      layout_basic, serial_shops, shop, corexii_corridor_pit, uniq_terence
D:3:      layout_rooms, uniq_ijyb
D:4:      layout_loops_ring, serial_rivers, chequers_serial_rivers_marsh,
          chequers_serial_rivers_large_b, chequers_serial_rivers_micro_e,
          chequers_serial_rivers_large_a, chequers_serial_rivers_marsh,
          chequers_serial_rivers_room_b
D:5:      layout_loops_corners, nemelex_dance_club_becter,
          gammafunk_temple_overflow_elements, serial_shops, nicolae_square_shop,
          portal_sewer_entry_f, uniq_sigmund, uniq_edmund
D:6:      layout_rooms, nicolae_ru_sacrificial_ziggurat,
          minmay_temple_entry_statues, serial_shops,
          nicolae_inconvenience_store, ebering_ghost_rock_garden,
          nicolae_ossuary_entry_monument, uniq_grinder, uniq_prince_ribbit1,
          uniq_menkaure
D:7:      layout_gridville, amcnicky_mini_pool_medium, uniq_crazy_yiuf_cottage,
          uniq_joseph, uniq_pikel
D:8:      layout_loops_corners, marbit_many_paths, serial_shops, shop,
          minivault_27, nicolae_titane, uniq_erica, uniq_maurice
D:9:      layout_irregular_city
D:10:     minmay_the_grid_square_5x5_3x3
          [minmay_the_grid_square_5x5_beaten_path,
          minmay_the_grid_square_5x5_six_small,
          minmay_the_grid_square_5x5_pentomino_r, minmay_the_grid_square_5x5_v,
          minmay_the_grid_square_5x5_megaprize_open,
          minmay_the_grid_square_5x5_minimal,
          minmay_the_grid_square_5x5_shuriken,
          minmay_the_grid_square_5x5_moneybag, minmay_the_grid_square_5x5_two],
          layout_loops_ring, serial_shops, nicolae_diamond_shop,
          kennysheep_small_spiral
Temple:   hellmonk_temple_divided_pantheon

Skill      XL: |  1  2  3  4  5  6  7  8  9 10 11 |
---------------+----------------------------------+-----
Maces & Flails | 3 4 5 |  5.2
Axes           | 2 4 5 7 9 |  9.4
Fighting       | 4 5 6 9 10 | 10.0
Armour         | 4 5 6 8 |  8.2
Invocations    | 4 8 |  8.0
Shields        | 4 |  4.0
Evocations     | 4 |  4.3

Action                     |  1- 3 |  4- 6 |  7- 9 | 10-12 || total
---------------------------+-------+-------+-------+-------++-------
  Melee: Flail             |    99 |    57 |       |       ||   156
         War axe           |       |    96 |   188 |   214 ||   498
  Throw: Dart              |       |       |     4 |       ||     4
 Invoke: Heroism           |       |       |       |     2 ||     2
  Evoke: Wand              |       |       |     3 |       ||     3
    Use: Scroll            |     1 |    12 |     8 |     1 ||    22
         Potion            |       |       |     2 |     2 ||     4
 Armour: Scale mail        |    58 |    84 |       |       ||   142
         Chain mail        |       |       |    93 |   156 ||   249
  Dodge: Dodged            |    46 |    79 |    67 |    72 ||   264
  Block: Buckler           |    17 |    30 |    37 |    54 ||   138
